Match 38146848
Unlisted

Match 38146848
End
Selects Armored Battlegroup
Selects Assault Engineers
Assault Engineer Squad
Construct Weapon Support Center
M1919 Machine Gun Team
Assault Engineer Squad
Mechanized Support Center
Assault Engineer Squad
.30 cal Machine Gun
Selects Fast Deploy
M16 Multiple Gun Motor Carriage
Mortar Pit
M3 75 mm Gun Motor Carriage
M3 Armored Personnel Carrier
Forward Retreat Point
M3 75 mm Gun Motor Carriage
Mortar Pit
Mortar Pit
Construct Tank Depot
.30 cal Machine Gun
M3 75 mm Gun Motor Carriage
Designate Forward Repair Station
M18 Hellcat Tank Destroyer
Syrasor
SneaKerz
gb_gbg
Anchovy
4ani
OUTPOST NS/WP
0
0

Comments sign in to comment!

No comments posted yet!